 Dungeon Crawl Stone Soup version 0.17-a0-2098-gf59d6bc (webtiles) character file.

105 Gallahalt the Skirmisher (level 4, -2/37 HPs)
             Began as a Demonspawn Abyssal Knight on Oct 3, 2015.
             Was a Believer of Lugonu.
             Slain by a gnoll (3 damage)
             ... on level 3 of the Dungeon on Oct 17, 2015.
             The game lasted 00:19:35 (2975 turns).

Gallahalt the Skirmisher (DsAK)                     Turns: 2975, Time: 00:19:35

Health: -2/37      AC:  9    Str: 14    XL:     4   Next: 53%
Magic:  0/6        EV:  7    Int: 13    God:    Lugonu [**....]
Gold:   169        SH:  7    Dex: 12    Spells: 0 memorised, 3 levels left

rFire  . . .     SeeInvis .     a - +1 spear
rCold  . . .     Clarity  .     d - +0 ring mail
rNeg   + . .     SustAt   .     q - +0 shield
rPois  .         Gourm    .     (no helmet)
rElec  .         Spirit   +     (no cloak)
rCorr  .         Warding  +     m - +0 pair of gloves
rMut   .         Stasis   .     r - +1 pair of boots
MR     .....                    g - amulet of warding
Stlth  +.........               (no ring)
                                (no ring)

@: not resistant to hostile enchantments, very unstealthy
A: icy blue scales 1, magic shield
a: Depart the Abyss, Bend Space, Renounce Religion


You were on level 3 of the Dungeon.
You worshipped Lugonu.
Lugonu was pleased with you.
You were not hungry.

You visited 1 branch of the dungeon, and saw 3 of its levels.
You visited the Abyss 1 time.

You collected 169 gold pieces.

Inventory:

Hand Weapons
 a - a +1 spear (weapon)
 h - a +0 whip
Armour
 b - a +0 leather armour
 d - a +0 ring mail (worn)
 m - a +0 pair of gloves (worn)
 n - a +0 leather armour
 q - a +0 shield (worn)
 r - a +1 pair of boots (worn)
Jewellery
 g - an amulet of warding (around neck)
Scrolls
 c - a scroll of teleportation
 e - 3 scrolls of identify {unknown}
 k - a scroll of remove curse {unknown}
 l - a scroll of blinking
 t - a scroll of enchant armour {unknown}
Potions
 f - a potion of flight {unknown}
 i - a potion of agility {unknown}
 j - 2 potions of cancellation {unknown}
Comestibles
 o - 2 bread rations
 p - 5 fruits
 s - a chunk of flesh


   Skills:
 + Level 3.8 Fighting
 + Level 2.2 Polearms
 + Level 2.8 Armour
 + Level 1.3 Dodging
 + Level 0.8 Stealth
 + Level 0.5 Shields
 + Level 2.7 Invocations


You had 3 spell levels left.
You didn't know any spells.

Dungeon Overview and Level Annotations

Branches:
Dungeon (3/15)

Altars:
Qazlal
Yredelemnul


Innate Abilities, Weirdness & Mutations

You are partially covered in icy blue scales (AC +1).
When hurt, damage is shared between your health and your magic reserves.


Message History

The gnoll hits you but does no damage. You block the gnoll's attack.
The gnoll barely misses you.
Your shield prevents you from hitting the gnoll.
The gnoll hits you from afar with a halberd.
The gnoll barely misses you.
You hit the gnoll.
The gnoll is lightly wounded.
You block the gnoll's attack.
You hit the gnoll.
The gnoll is heavily wounded.
The gnoll hits you from afar with a halberd!
* * * LOW HITPOINT WARNING * * *
The gnoll hits you.
* * * LOW HITPOINT WARNING * * *
You hit the gnoll.
The gnoll is severely wounded.
The gnoll hits you from afar with a halberd.
* * * LOW HITPOINT WARNING * * *
The gnoll hits you.
You die...

.## #.... #.# #.... #.#
#.# #.# #.# ####### #.#
#...... #.#
#..?...###############.#
......gg@..............#
..$...g#################
....... .....!. .......
....... ....... .......


You could see 3 gnolls.

Vanquished Creatures
  5 adders
  2 oozes
  A worm (D:2)
  7 bats
  4 giant cockroaches
  5 goblins
  5 hobgoblins
  4 jackals (D:1)
  8 kobolds
  A quokka (D:2)
  2 giant newts
  6 rats
50 creatures vanquished.

Notes
Turn   | Place    | Note
--------------------------------------------------------------
     0 | Abyss:1  | Gallahalt the Demonspawn Abyssal Knight began the quest for the Orb.
     0 | Abyss:1  | Reached XP level 1. HP: 18/18 MP: 2/2
    37 | D:1      | Escaped the Abyss
   376 | D:1      | Reached skill level 1 in Dodging
   569 | D:1      | Gained mutation: You are partially covered in icy blue scales (AC +1). [demonic ancestry]
   569 | D:1      | Reached XP level 2. HP: 22/24 MP: 3/3
  1029 | D:1      | Reached * piety under Lugonu
  1184 | D:1      | Gained mutation: When hurt, damage is shared between your health and your magic reserves. [demonic ancestry]
  1184 | D:1      | Reached XP level 3. HP: 24/29 MP: 4/4
  1535 | D:2      | Upgraded the game from 0.17-a0-1954-g0dddeaa to 0.17-a0-2006-g94b6906
  1557 | D:2      | Upgraded the game from 0.17-a0-2006-g94b6906 to 0.17-a0-2098-gf59d6bc
  2060 | D:2      | Reached XP level 4. HP: 20/37 MP: 2/6
  2886 | D:3      | Found a stormy altar of Qazlal.
  2892 | D:3      | Found a basalt altar of Yredelemnul.
  2975 | D:3      | HP: 1/37 [gnoll/halberd (2)]
  2975 | D:3      | Slain by a gnoll

Vault maps used:
D:1:      lemuel_arrival_funnel
D:2:      dk_noncrumbling_2
D:3:      nicolae_overflow_crystal_walls, grunt_temple_overflow_open

Action                   |  1- 3 |  4- 6 || total
-------------------------+-------+-------++-------
Melee: Spear             |   173 |    89 ||   262
Invok: Bend Space        |     1 |       ||     1
  Use: Scroll            |     4 |       ||     4
       Potion            |     1 |       ||     1
  Eat: Bread ration      |     1 |     1 ||     2
